[Event "fics rated crazyhouse match"]
[Site "fics, Oklahoma City, OK USA"]
[Date "2001.02.04"]
[White "Blechkiste"]
[WhiteElo "2487"]
[Black "spurs"]
[BlackElo "2285"]
[TimeControl "60+0"]
[Result "1-0"]

1. e4 e6 2. d4 d5 3. exd5 exd5 4. Bb5+ Bd7 5. Qe2+ Qe7 6. Bxd7+ 
Nxd7 7. Bf4 Qxe2+ 8. Nxe2 Bb4+ 9. Nbc3 Ngf6 10. Bxc7 Bxc3+ 11. Nxc3 P@d2+ 
12. Kd1 N@e4 13. Nxe4 Nxe4 14. N@d6+ Nxd6 15. Bxd6 N@e3+ 16. fxe3 N@f2+ 17. Kxd2 
Ne4+ 18. Kc1 Q@d2+ 19. Kb1 Nxd6 20. N@c7+ Kf8 21. Nxa8 B@g6 22. Q@d8+ B@e8 
23. B@e7+ Kg8 24. Rc1 Bxc2+ 25. Rxc2 Qxc2+ 26. Kxc2 P@d3+ 27. Kxd3 R@c8 28. R@g3 
Rxd8 29. N@h6# 
{spurs checkmated} 1-0

[Event "fics rated crazyhouse match"]
[Site "fics, Oklahoma City, OK USA"]
[Date "2001.02.04"]
[White "spurs"]
[WhiteElo "2281"]
[Black "Blechkiste"]
[BlackElo "2491"]
[TimeControl "60+0"]
[Result "1-0"]

1. d4 e6 2. Nf3 Nc6 3. Nc3 Nf6 4. Bg5 Bb4 5. e3 h6 6. Bxf6 
Qxf6 7. Bb5 Qg6 8. N@f4 Qf6 9. Bxc6 dxc6 10. N@h5 Qe7 11. Nxg7+ Kd8 
12. Ngh5 B@a5 13. O-O Bxc3 14. bxc3 Bxc3 15. B@f6 Qxf6 16. Nxf6 B@g7 17. N6h5 
P@b2 18. Rb1 B@f8 19. P@f6 Bxf6 20. Nxf6 Be7 21. B@g7 Rf8 22. Bxf8 Bxf6 
23. Ne5 Ke8 24. Bxh6 N@f8 25. Bxf8 Kxf8 26. N@g6+ Kg8 27. R@f8+ Kh7 28. Q@g8+ 
Kh6 29. Ng4+ Kg5 30. Qxf7 N@f3+ 31. Qxf3 P@e7 32. P@h4+ Kf5 33. P@e4# 
{Blechkiste checkmated} 1-0

[Event "fics rated crazyhouse match"]
[Site "fics, Oklahoma City, OK USA"]
[Date "2001.02.04"]
[White "JiggaB"]
[WhiteElo "2225"]
[Black "Dopey"]
[BlackElo "2373"]
[TimeControl "60+0"]
[Result "0-1"]

1. e4 Nf6 2. Nc3 d5 3. exd5 Nxd5 4. Bc4 e6 5. Bxd5 exd5 6. Qe2+ 
Be6 7. P@f5 B@a6 8. d3 Qd7 9. fxe6 fxe6 10. N@e5 Qe7 11. B@f7+ Kd8 
12. Ngf3 P@f6 13. Nxd5 exd5 14. Bxd5 fxe5 15. Qxe5 Qxe5+ 16. Nxe5 Q@a5+ 17. Q@c3 
Qxd5 18. P@c4 Qxg2 19. Nf7+ Kc8 
{JiggaB resigns} 0-1

[Event "fics rated crazyhouse match"]
[Site "fics, Oklahoma City, OK USA"]
[Date "2001.02.04"]
[White "Blechkiste"]
[WhiteElo "2479"]
[Black "spurs"]
[BlackElo "2293"]
[TimeControl "60+0"]
[Result "0-1"]

1. e4 e6 2. d4 d5 3. exd5 exd5 4. Bb5+ Bd7 5. Qe2+ Qe7 6. Bxd7+ 
Nxd7 7. Bf4 Qxe2+ 8. Nxe2 Bb4+ 9. Nbc3 Ngf6 10. Bxc7 Bxc3+ 11. Nxc3 P@d2+ 
12. Kd1 N@c4 13. Q@e2+ B@e4 14. Nxd5 Nxb2+ 15. Kxd2 Nc4+ 16. Qxc4 Bxd5 17. N@d6+ 
Kf8 18. Qf1 P@c3+ 19. Kxc3 N@e4+ 20. Kb2 Q@c3+ 21. Kb1 Nd2+ 22. Kc1 Nxf1 
23. P@e7+ Kg8 24. Nc4 Bxc4 25. e8=Q+ Rxe8 26. P@b2 P@d2+ 27. Kd1 Q@e1# 
{Blechkiste checkmated} 0-1

[Event "fics rated crazyhouse match"]
[Site "fics, Oklahoma City, OK USA"]
[Date "2001.02.04"]
[White "JiggaB"]
[WhiteElo "2220"]
[Black "Blechkiste"]
[BlackElo "2467"]
[TimeControl "60+0"]
[Result "0-1"]

1. d4 e6 2. Nf3 Nc6 3. Nc3 Nf6 4. Bg5 d5 5. e3 h6 6. Bh4 
g5 7. Bg3 Bb4 8. Bd3 Bxc3+ 9. bxc3 N@e4 10. Ne5 Nxc3 11. Qd2 Nxe5 
12. dxe5 N@e4 13. Bxe4 Ncxe4 14. B@b5+ P@c6 15. exf6 Qxf6 16. N@h5 Qxa1+ 17. N@d1 
Nxd2 18. N@g7+ Kd8 19. Nf6 
{JiggaB resigns} 0-1

[Event "fics rated crazyhouse match"]
[Site "fics, Oklahoma City, OK USA"]
[Date "2001.02.04"]
[White "Blechkiste"]
[WhiteElo "2470"]
[Black "spurs"]
[BlackElo "2305"]
[TimeControl "60+0"]
[Result "1-0"]

1. e4 e6 2. d4 d5 3. exd5 exd5 4. Bb5+ Bd7 5. Qe2+ Qe7 6. Bxd7+ 
Nxd7 7. Bf4 Qxe2+ 8. Nxe2 Bb4+ 9. Nbc3 Ngf6 10. Bxc7 Bxc3+ 11. Nxc3 P@d2+ 
12. Kf1 B@c1 13. Q@e2+ N@e4 14. Nxe4 Nxe4 15. N@d6+ Kf8 16. P@e7+ Kg8 17. Nxe4 
dxe4 18. B@c3 N@f3 19. gxf3 exf3 20. e8=Q+ Nf8 21. N@e7# 
{spurs checkmated} 1-0

[Event "fics rated crazyhouse match"]
[Site "fics, Oklahoma City, OK USA"]
[Date "2001.02.04"]
[White "spurs"]
[WhiteElo "2301"]
[Black "Blechkiste"]
[BlackElo "2474"]
[TimeControl "60+0"]
[Result "0-1"]

1. d4 e6 2. Nf3 Nc6 3. Nc3 Nf6 4. Bg5 Bb4 5. e3 h6 6. Bxf6 
Qxf6 7. Bb5 Qf5 8. Bxc6 dxc6 9. N@g3 Qa5 10. N@h5 Rg8 11. O-O B@g4 
12. d5 exd5 13. Qd3 B@g6 14. Nxd5 Bxd3 15. cxd3 cxd5 16. P@h7 Rh8 17. Nxg7+ 
Kf8 18. N7f5 Bcxf5 19. Ne5 P@e2 20. Nxe2 Bxe2 21. P@f6 Rxh7 22. P@g7+ Kg8 
23. Rae1 Bxe1 24. B@c3 Bxc3 25. bxc3 Bxf1 26. B@g6 Bxg6 27. Nxg6 N@f3+ 28. gxf3 
Q@g2# 
{spurs checkmated} 0-1

[Event "fics rated crazyhouse match"]
[Site "fics, Oklahoma City, OK USA"]
[Date "2001.02.04"]
[White "Blechkiste"]
[WhiteElo "2478"]
[Black "spurs"]
[BlackElo "2297"]
[TimeControl "60+0"]
[Result "0-1"]

1. e4 e6 2. d4 d5 3. exd5 exd5 4. Bb5+ Bd7 5. Qe2+ Qe7 6. Bxd7+ 
Nxd7 7. Bf4 Qxe2+ 8. Nxe2 Bb4+ 9. Nbc3 Ngf6 10. Bxc7 Bxc3+ 11. Nxc3 P@d2+ 
12. Kd1 N@c4 13. Q@b5 B@c6 14. Qb3 O-O 15. P@b5 Rfe8 16. P@e2 Ne4 17. Nxe4 
Rxe4 18. bxc6 Rxe2 19. Kxe2 N@c1+ 20. Raxc1 dxc1=N+ 21. Rxc1 R@d2+ 22. Kf3 Q@e2+ 
23. Kg3 Qxf2+ 24. Kh3 Qxg2+ 25. Kh4 Rxd4+ 26. B@f4 P@g5+ 27. Kh5 Nf6# 
{Blechkiste checkmated} 0-1

[Event "fics rated crazyhouse match"]
[Site "fics, Oklahoma City, OK USA"]
[Date "2001.02.04"]
[White "spurs"]
[WhiteElo "2309"]
[Black "Blechkiste"]
[BlackElo "2466"]
[TimeControl "60+0"]
[Result "0-1"]

1. d4 e6 2. Nf3 Nc6 3. Nc3 Nf6 4. Bg5 Bb4 5. e3 h6 6. Bxf6 
Qxf6 7. Bb5 Qf5 8. Bxc6 dxc6 9. N@g3 Bxc3+ 10. bxc3 Qb5 11. N@h5 O-O 
12. Nxg7 Kxg7 13. P@f6+ Kg8 14. B@g7 N@b2 15. Rb1 B@a5 16. Qd2 Bxc3 17. Qxc3 
B@a5 18. B@d2 Bxc3 19. Bxc3 Nd3+ 20. cxd3 Qxb1+ 21. B@d1 P@c2 22. N@e7+ Kh7 
23. Ke2 N@c1+ 24. Kd2 cxd1=R+ 25. Rxd1 Qxd3+ 26. Kxc1 R@b1# 
{spurs checkmated} 0-1

[Event "fics rated crazyhouse match"]
[Site "fics, Oklahoma City, OK USA"]
[Date "2001.02.04"]
[White "Blechkiste"]
[WhiteElo "2471"]
[Black "spurs"]
[BlackElo "2304"]
[TimeControl "60+0"]
[Result "1-0"]

1. e4 e6 2. d4 d5 3. exd5 exd5 4. Bb5+ Bd7 5. Qe2+ Qe7 6. Bxd7+ 
Nxd7 7. Bf4 Qxe2+ 8. Nxe2 Bb4+ 9. Nbc3 Ngf6 10. Bxc7 Bxc3+ 11. Nxc3 P@d2+ 
12. Kf1 Q@e1+ 13. Rxe1+ dxe1=Q+ 14. Kxe1 O-O 15. P@e5 Ne4 16. Nxe4 dxe4 17. N@e7+ 
Kh8 18. Q@d6 B@d2+ 19. Kxd2 N@c4+ 20. Ke1 R@c1+ 21. B@d1 Nxd6 22. Bxd6 Nxe5 
23. dxe5 e3 24. Q@d4 P@d2+ 25. Ke2 Rxd1 26. Rxd1 N@c1+ 27. Kxe3 Q@e2+ 28. Kf4 
Qxd1 29. B@f3 B@h6+ 30. P@g5 Bxg5+ 31. Kxg5 h6+ 32. Kh4 P@h5 33. Bxd1 R@g5 
34. B@e4 g6 35. B@f6# 
{spurs resigns} 1-0

[Event "fics rated crazyhouse match"]
[Site "fics, Oklahoma City, OK USA"]
[Date "2001.02.04"]
[White "Fudpucker"]
[WhiteElo "2161"]
[Black "Blechkiste"]
[BlackElo "2475"]
[TimeControl "60+0"]
[Result "0-1"]

1. e4 e6 2. d4 d5 3. exd5 exd5 4. Nf3 Nf6 5. Be2 P@h3 6. Bg5 
hxg2 7. Rg1 P@h3 8. Nc3 h6 9. Bh4 g5 10. Nxg5 hxg5 11. Bxg5 N@h7 
12. Bh4 Qd7 13. Bxf6 Nxf6 14. N@e5 Qf5 15. P@g4 Qg5 16. P@g3 Nc6 17. P@f4 
Qg7 18. Nxc6 bxc6 19. N@e5 Bb7 20. Qd2 N@e4 21. Nxe4 Nxe4 22. Qd3 N@b4 
23. Qb3 B@d2+ 24. Kd1 f6 25. N@f5 Qh7 
{Fudpucker forfeits on time} 0-1

[Event "fics rated crazyhouse match"]
[Site "fics, Oklahoma City, OK USA"]
[Date "2001.02.04"]
[White "Blechkiste"]
[WhiteElo "2477"]
[Black "Fudpucker"]
[BlackElo "2159"]
[TimeControl "60+0"]
[Result "1-0"]

1. e4 e6 2. d4 Nc6 3. Be3 Nf6 4. Bd3 Be7 5. Nc3 O-O 6. e5 
Nd5 7. Qh5 f5 8. Nxd5 exd5 9. Bxf5 g6 10. Bxg6 hxg6 11. Qxg6+ B@g7 
12. P@f7+ Kh8 13. Qh5# 
{Fudpucker resigns} 1-0

[Event "fics rated crazyhouse match"]
[Site "fics, Oklahoma City, OK USA"]
[Date "2001.02.04"]
[White "Fudpucker"]
[WhiteElo "2157"]
[Black "Blechkiste"]
[BlackElo "2479"]
[TimeControl "60+0"]
[Result "0-1"]

1. e4 Nf6 2. Nc3 d5 3. exd5 Nxd5 4. d4 e6 5. Nxd5 exd5 6. Nf3 
Nc6 7. Bb5 Qe7+ 8. N@e5 Qb4+ 9. Bd2 Qxb5 10. Nxc6 bxc6 11. Qe2+ Qxe2+ 
12. Kxe2 Q@e4+ 13. Q@e3 N@f4+ 14. Kd1 Qxe3 15. Bxe3 Q@e2+ 16. Kc1 Nxg2 17. Ne5 
Nxe3 18. P@d2 B@f1 19. N@c3 Qe1+ 20. Q@d1 N@e2# 
{Fudpucker forfeits on time} 0-1

[Event "fics rated crazyhouse match"]
[Site "fics, Oklahoma City, OK USA"]
[Date "2001.02.04"]
[White "Blechkiste"]
[WhiteElo "2481"]
[Black "Fudpucker"]
[BlackElo "2155"]
[TimeControl "60+0"]
[Result "1-0"]

1. e4 e6 2. d4 Nc6 3. Be3 Nf6 4. Bd3 d6 5. Nc3 Be7 6. Nh3 
O-O 7. Bb5 e5 8. dxe5 dxe5 9. Bd2 Bxh3 10. gxh3 N@g2+ 11. Kf1 Nh4 
12. P@g2 Nd4 13. Bd3 P@f3 14. gxf3 Ndxf3 15. Ke2 Nd4+ 16. Ke1 Ndf3+ 17. Ke2 
Nd4+ 18. Ke1 P@g2 19. Rg1 Nhf3+ 20. Qxf3 Nxf3+ 21. Ke2 Nxg1+ 22. Rxg1 Bb4 
23. Rxg2 R@g6 24. Rxg6 hxg6 25. R@c4 Bxc3 26. bxc3 N@f4+ 27. Bxf4 exf4 28. Rd4 
f3+ 29. Kxf3 B@g4+ 30. hxg4 Q@h3+ 31. Ke2 Qxg4+ 32. P@f3 Qg1 33. N@f1 P@g2 
34. N@e3 gxf1=Q+ 35. Nxf1 N@f4+ 36. Kd2 Qxf2+ 37. B@e2 Qdxd4 38. cxd4 Qxd4 39. N@e7+ 
Kh7 40. Q@h4+ R@h5 41. Qxf4 P@c3+ 42. Kd1 R@b1+ 43. B@c1 P@b2 44. B@e3 
{Fudpucker forfeits on time} 1-0

[Event "fics rated crazyhouse match"]
[Site "fics, Oklahoma City, OK USA"]
[Date "2001.02.04"]
[White "Blechkiste"]
[WhiteElo "2487"]
[Black "Fudpucker"]
[BlackElo "2153"]
[TimeControl "60+0"]
[Result "1-0"]

1. e4 e6 2. d4 Nc6 3. Be3 Nf6 4. Bd3 d6 5. Nc3 Be7 6. Nh3 
O-O 7. a3 e5 8. dxe5 dxe5 9. Bg5 Bxh3 10. gxh3 h6 11. Bxf6 Bxf6 
12. Nd5 N@g2+ 13. Kf1 Nh4 14. Rg1 B@f3 15. P@e2 P@g2+ 16. Ke1 Nd4 17. N@c5 
Bh5 18. Nxb7 Qxd5 19. P@h7+ Kxh7 20. exd5+ P@g6 21. c3 N@f3+ 22. exf3 Ndxf3+ 
23. Ke2 Nxg1+ 24. Kd2 Bxd1 25. Rxd1 Ngf3+ 26. Kc2 g1=Q 27. Rxg1 R@d2+ 28. Kb1 
Rxd3 29. B@c2 Nxg1 30. Bxd3 R@d1+ 31. R@c1 Rxc1+ 32. Kxc1 B@g5+ 33. P@e3 P@d4 
34. Q@f1 dxe3 35. fxe3 Bxe3+ 36. P@d2 Bxd2+ 37. Kxd2 Bg5+ 38. Kc2 R@d2+ 39. Kb1 
Rxd3 40. Qxd3 Q@c1+ 41. Ka2 B@b1+ 42. Qxb1 Qxb1+ 43. Kxb1 Q@c1+ 44. Ka2 Ne2 
45. Q@c4 
{Fudpucker forfeits on time} 1-0

[Event "fics rated crazyhouse match"]
[Site "fics, Oklahoma City, OK USA"]
[Date "2001.02.04"]
[White "Fudpucker"]
[WhiteElo "2151"]
[Black "Blechkiste"]
[BlackElo "2489"]
[TimeControl "60+0"]
[Result "0-1"]

1. e4 e6 2. d4 d6 3. Bd3 Bd7 4. Nf3 Nc6 5. O-O Nf6 6. Nc3 
Be7 7. e5 dxe5 8. dxe5 Ng4 9. Qe2 P@d6 10. exd6 Bxd6 11. h3 Nge5 
12. Nxe5 Bxe5 13. P@f4 Bd4 14. P@e3 Bxc3 15. bxc3 N@c5 16. N@h5 Nxd3 17. Nxg7+ 
Kf8 18. cxd3 Kxg7 19. N@h5+ Kg8 20. P@g7 B@f6 21. B@g5 Bxg5 22. gxh8=Q+ Kxh8 
23. fxg5 P@g7 24. Nxg7 P@h2+ 25. Kh1 Qxg5 26. Nh5 B@f6 27. Nxf6 Qxf6 28. d4 
N@e4 29. B@e5 Nxe5 30. dxe5 N@g3+ 31. fxg3 Qxf1+ 32. Qxf1 Nxg3+ 33. Kxh2 Nxf1+ 
34. Kg1 R@h1+ 35. Kf2 N@d3+ 36. Ke2 B@f3+ 37. Kxd3 Q@e4# 
{Fudpucker checkmated} 0-1

[Event "fics rated crazyhouse match"]
[Site "fics, Oklahoma City, OK USA"]
[Date "2001.02.04"]
[White "Blechkiste"]
[WhiteElo "2491"]
[Black "Fudpucker"]
[BlackElo "2149"]
[TimeControl "60+0"]
[Result "1-0"]

1. e4 e6 2. d4 Nc6 3. Be3 Nf6 4. Bd3 d6 5. Nc3 Be7 6. Bb5 
O-O 7. a3 Bd7 8. Ra2 a6 9. Be2 Rc8 10. d5 Ne5 11. h3 c6 
12. dxc6 bxc6 13. Bxa6 c5 14. Bxc8 Qxc8 15. P@h6 P@d4 16. hxg7 dxe3 17. gxf8=Q+ 
Qxf8 18. fxe3 P@d4 19. exd4 cxd4 20. Qxd4 B@g3+ 21. P@f2 B@c5 22. R@g5+ P@g6 
23. Qxc5 dxc5 24. Rxg3 Nh5 25. Nf3 Nxg3 26. Nxe5 Bf6 27. fxg3 Bxe5 28. B@f4 
Bxf4 29. gxf4 B@g3+ 30. Kd1 Bxf4 31. N@f6+ Kh8 32. B@d2 N@f2+ 33. Ke2 Bxd2 
34. P@g7+ Qxg7 35. R@d8+ B@g8 36. Rxg8+ Qxg8 37. B@h6 Q@e3+ 38. Bxe3 Bxe3 39. Nxg8 
R@d2+ 40. Kxe3 B@d4+ 41. Kxd2 P@e3+ 42. Ke2 R@d2+ 43. Kf1 
{Fudpucker forfeits on time} 1-0

[Event "fics rated crazyhouse match"]
[Site "fics, Oklahoma City, OK USA"]
[Date "2001.02.04"]
[White "Blechkiste"]
[WhiteElo "2438"]
[Black "Killerbug"]
[BlackElo "2294"]
[TimeControl "120+0"]
[Result "0-1"]

1. e4 Nc6 2. d4 e6 3. Nc3 Bb4 4. e5 d6 5. exd6 Qxd6 6. Ne2 
Bxc3+ 7. bxc3 N@c4 8. Bf4 Qd8 9. P@b3 Nb6 10. B@b5 Ne7 11. Bg5 P@f6 
12. Bc1 a6 13. Bd3 Nbd5 14. Be4 f5 15. Bd3 e5 16. dxe5 Nxe5 17. P@h6 
gxh6 18. Bxh6 P@f3 19. P@g7 Rg8 20. Qd2 Nxd3+ 21. Qxd3 B@e4 22. Qxf3 Bxf3 
23. gxf3 Q@b2 24. Rd1 Qxc2 25. Rd2 Qb1+ 26. B@d1 Qd6 27. Bf4 P@e5 28. N@c4 
Qg6 29. Na3 Qa1 30. Bxe5 P@g2 31. Rg1 gxf1=Q+ 32. Kxf1 Qh6 33. f4 Qxh2 
34. c4 B@h3+ 35. P@g2 P@f3 36. P@d7+ Bxd7 37. Bxa1 Bxg2+ 38. Ke1 Qxg1+ 39. Nxg1 
R@f1# 
{Blechkiste checkmated} 0-1

[Event "fics rated crazyhouse match"]
[Site "fics, Oklahoma City, OK USA"]
[Date "2001.02.04"]
[White "liveZ"]
[WhiteElo "2329"]
[Black "Blechkiste"]
[BlackElo "2434"]
[TimeControl "180+0"]
[Result "1-0"]

1. e4 e6 2. d4 Nf6 3. e5 Nd5 4. Nf3 Nc6 5. Bd3 Bb4+ 6. c3 
Be7 7. O-O g5 8. Nbd2 g4 9. Ne1 h5 10. Ne4 Bh4 11. f3 gxf3 
12. Nxf3 Be7 13. Bg5 Bxg5 14. Nfxg5 B@e3+ 15. Kh1 Bxg5 16. Nxg5 Qxg5 17. B@f6 
Nxf6 18. exf6 N@e3 19. Qe2 Nxf1 20. Rxf1 R@g8 21. P@g7 Rh6 22. N@b5 B@b8 
23. B@e3 P@f4 24. Bxf4 Qxf6 25. Bxh6 Qxh6 26. N@f6+ Qxf6 27. Rxf6 Rxg7 28. R@h8+ 
B@f8 29. P@g6 N@d8 30. gxf7+ Rxf7 31. Rxf7 Nxf7 32. Bg6 R@c1+ 33. R@f1 Rxf1+ 
34. Qxf1 N@f2+ 35. Qxf2 R@a1+ 36. R@f1 Rxf1+ 37. Qxf1 R@g1+ 38. Kxg1 P@f2+ 39. Qxf2 
P@f4 40. Q@g8 d5 41. N@c5 Ke7 42. Qxf7+ Kd8 43. Rxf8# 
{Blechkiste checkmated} 1-0

[Event "fics rated crazyhouse match"]
[Site "fics, Oklahoma City, OK USA"]
[Date "2001.02.04"]
[White "Blechkiste"]
[WhiteElo "2424"]
[Black "DesX"]
[BlackElo "2188"]
[TimeControl "60+1"]
[Result "1-0"]

1. e4 e5 2. Bc4 Nc6 3. Nf3 Be7 4. Bxf7+ Kxf7 5. P@d5 d6 6. dxc6 
bxc6 7. d4 exd4 8. Nxd4 B@d7 9. Qf3+ P@f6 10. P@e6+ Bxe6 11. N@g5+ Ke8 
12. Ndxe6 Bxe6 13. Nxe6 N@e5 14. Qb3 P@f7 15. Nxd8 Rxd8 16. Qb7 N@h4 17. Q@g3 
P@g5 18. Qxc7 Nh6 19. P@b7 
{DesX resigns} 1-0

[Event "fics rated crazyhouse match"]
[Site "fics, Oklahoma City, OK USA"]
[Date "2001.02.04"]
[White "DesX"]
[WhiteElo "2185"]
[Black "Blechkiste"]
[BlackElo "2427"]
[TimeControl "60+1"]
[Result "1-0"]

1. d4 e6 2. Nf3 Nc6 3. Bf4 Nf6 4. e3 Ne4 5. Bd3 Nf6 6. O-O 
d6 7. Nbd2 h6 8. Qe2 Nb4 9. a3 Nxd3 10. cxd3 Nh5 11. Ne5 Nxf4 
12. exf4 dxe5 13. dxe5 N@d4 14. Qe3 Nc2 15. Qg3 B@e2 16. Rac1 Qxd3 17. N@e4 
P@e3 18. fxe3 Bxf1 19. Rxf1 Qxe3+ 20. Qxe3 R@h1+ 21. Kxh1 Nxe3 22. N@f6+ gxf6 
23. Nxf6+ Kd8 24. Q@e8# 
{Blechkiste checkmated} 1-0

[Event "fics rated crazyhouse match"]
[Site "fics, Oklahoma City, OK USA"]
[Date "2001.02.04"]
[White "Blechkiste"]
[WhiteElo "2414"]
[Black "DesX"]
[BlackElo "2198"]
[TimeControl "60+1"]
[Result "1-0"]

1. e4 e5 2. Bc4 Nc6 3. Nf3 d6 4. Nc3 Be7 5. d4 exd4 6. Nxd4 
Nf6 7. P@e6 fxe6 8. Nxe6 Bxe6 9. Bxe6 P@f7 10. Bd5 O-O 11. P@h6 N@h4 
12. hxg7 Nxg2+ 13. Kf1 Nh4 14. gxf8=Q+ Bxf8 15. Rg1+ P@g2+ 16. Rxg2+ Nxg2 17. R@g5+ 
R@g6 18. Rxg6+ hxg6 19. Kxg2 P@g4 20. Kg1 P@f3 21. N@g5 Nxd5 22. P@h7+ Kg7 
23. R@g8+ Kh6 24. h8=Q# 
{DesX resigns} 1-0

[Event "fics rated crazyhouse match"]
[Site "fics, Oklahoma City, OK USA"]
[Date "2001.02.04"]
[White "DesX"]
[WhiteElo "2194"]
[Black "Blechkiste"]
[BlackElo "2418"]
[TimeControl "60+1"]
[Result "0-1"]

1. d4 e6 2. Nf3 Nc6 3. Bf4 Nf6 4. e3 Bb4+ 5. c3 Be7 6. Bd3 
Nh5 7. O-O d6 8. Nbd2 e5 9. dxe5 Nxf4 10. exf4 dxe5 11. Ne4 exf4 
12. N@h5 B@h6 13. P@g5 Bhxg5 14. Nexg5 Bxg5 15. Nxg7+ Kf8 16. Nh5 P@g7 17. Bb5 
P@g4 18. Bxc6 bxc6 19. Nxg7 gxf3 20. Nh5 N@e2+ 21. Qxe2 fxe2 22. P@g7+ Ke7 
23. gxh8=Q exf1=Q+ 24. Rxf1 N@e2+ 25. Kh1 Qxh8 26. P@g7 Qg8 27. R@f8 Qxg7 28. Nxg7 
R@g1+ 29. Rxg1 Kxf8 30. R@e8+ Kxg7 31. N@h5+ Kh6 32. Q@g7+ Kxh5 33. N@f6+ Bxf6 
34. B@f3+ P@g4 35. Qxf6 gxf3 36. Rxe2 fxg2+ 37. Rxg2 R@f1+ 38. B@g1 Rxg1+ 39. Kxg1 
Q@a1+ 40. N@f1 N@f3+ 41. Kh1 Qxf1+ 42. R@g1 Qxg2+ 43. Rxg2 R@f1+ 44. Q@g1 Rxg1+ 
45. Rxg1 P@g2+ 46. Rxg2 Q@f1+ 47. R@g1 Qxg2+ 48. Rxg2 R@f1+ 49. Q@g1 Rxg1+ 50. Rxg1 
P@g2+ 51. Rxg2 Q@f1+ 52. R@g1 Qxg2+ 53. Rxg2 R@f1+ 54. Q@g1 Rxg1+ 55. Rxg1 P@g2+ 
56. Rxg2 Q@f1+ 57. R@g1 Qxe2 58. Rg5+ Kh4 59. P@g3+ fxg3 60. hxg3+ Kh3 61. Rh5+ 
Kg4 62. Rh4+ Nxh4 63. Qf4+ Kh5 64. Qxh4+ Kg6 65. N@f4+ Kg7 66. Nxe2 B@f3+ 
67. P@g2 R@h3+ 68. Qxh3 Bxh3 69. Q@g5+ R@g6 70. P@f6+ Kg8 71. R@g7+ Kh8 72. Rxg6 
Bhxg2+ 73. Rxg2 Q@f1+ 74. R@g1 Bxg2+ 75. Kh2 N@f3# 
{DesX checkmated} 0-1

[Event "fics rated crazyhouse match"]
[Site "fics, Oklahoma City, OK USA"]
[Date "2001.02.04"]
[White "Blechkiste"]
[WhiteElo "2421"]
[Black "DesX"]
[BlackElo "2191"]
[TimeControl "60+1"]
[Result "1-0"]

1. e4 e5 2. Bc4 Nc6 3. Nf3 d6 4. Nc3 Be7 5. d4 exd4 6. Nxd4 
P@e5 7. Bxf7+ Kxf7 8. P@e6+ Bxe6 9. Nxe6 Kxe6 10. Qd5+ Kd7 11. B@h3+ Ke8 
12. P@f7+ Kf8 13. fxg8=Q+ Rxg8 14. N@e6+ Ke8 15. Nxd8 Nxd8 16. Qxg8+ B@f8 17. Q@d7# 
{DesX checkmated} 1-0

[Event "fics rated crazyhouse match"]
[Site "fics, Oklahoma City, OK USA"]
[Date "2001.02.04"]
[White "DesX"]
[WhiteElo "2188"]
[Black "Blechkiste"]
[BlackElo "2424"]
[TimeControl "60+1"]
[Result "1-0"]

1. d4 e6 2. Nf3 Nc6 3. Bf4 Nf6 4. e3 Bb4+ 5. c3 Be7 6. Bd3 
Nh5 7. Nbd2 d6 8. O-O e5 9. dxe5 Nxf4 10. exf4 dxe5 11. Ne4 B@g4 
12. h3 Bxf3 13. Qxf3 exf4 14. N@h5 N@e5 15. Nxg7+ Kf8 16. Qxf4 Nxd3 17. Qh6 
Kg8 18. Nh5 B@e5 19. P@g7 P@h2+ 20. Kh1 Nxf2+ 21. Rxf2 Bxc3 22. gxh8=Q+ Bxh8 
23. P@g7 Qd1+ 24. Rxd1 Be6 25. gxh8=Q+ Kxh8 26. Q@g7# 
{Blechkiste checkmated} 1-0

[Event "fics rated crazyhouse match"]
[Site "fics, Oklahoma City, OK USA"]
[Date "2001.02.04"]
[White "DesX"]
[WhiteElo "2197"]
[Black "Blechkiste"]
[BlackElo "2415"]
[TimeControl "60+1"]
[Result "0-1"]

1. d4 e6 2. Nf3 Nc6 3. Bf4 Nf6 4. e3 Bb4+ 5. c3 Be7 6. Bd3 
Nh5 7. Nbd2 d6 8. O-O e5 9. dxe5 Nxf4 10. exf4 dxe5 11. Ne4 Bg4 
12. h3 Bxf3 13. Qxf3 exf4 14. N@h5 B@e5 15. P@d4 N@h4 16. Qg4 g6 17. B@g5 
Bxg5 18. Qxg5 gxh5 19. B@f6 N@f3+ 20. Kh1 Nxg5 21. Bxg5 P@f3 22. Rg1 fxg2+ 
23. Rxg2 B@f3 24. Rg1 Bxg2+ 25. Rxg2 R@a1+ 26. B@g1 Q@f3 
{DesX resigns} 0-1

[Event "fics rated crazyhouse match"]
[Site "fics, Oklahoma City, OK USA"]
[Date "2001.02.04"]
[White "Blechkiste"]
[WhiteElo "2419"]
[Black "DesX"]
[BlackElo "2193"]
[TimeControl "60+1"]
[Result "1-0"]

1. e4 e5 2. Bc4 d6 3. Nc3 Nc6 4. Nf3 Be7 5. d4 exd4 6. Nxd4 
Ne5 7. Bb3 Nf6 8. P@e6 O-O 9. f4 Neg4 10. exf7+ Kh8 11. P@g5 P@e5 
12. Ne6 Bxe6 13. Bxe6 N@f2 14. gxf6 Bxf6 15. Bxg4 Nxh1 16. N@e6 R@g1+ 17. B@f1 
P@f2+ 18. Kd2 Qe7 19. Nxf8 Rxf8 20. fxe5 Bxe5 21. R@g8+ Rxg8 22. fxg8=Q+ Kxg8 
23. R@c8+ R@f8 24. Rxf8+ Qxf8 25. Be6+ P@f7 26. Bxf7+ Qxf7 27. R@c8+ B@f8 28. Rxf8+ 
Qxf8 29. B@d5+ P@f7 30. N@d7 R@e1 31. Qf3 R@d4+ 32. P@d3 Rxd5 33. Nxd5 N@c4+ 
34. dxc4 B@h6+ 35. P@e3 Rgxf1 36. N@e7+ Kh8 37. Ng6+ hxg6 38. R@h7+ Kxh7 39. Nxf8+ 
Kg8 40. Ne7+ Kxf8 41. Q@g8+ Kxe7 42. Qfxf7# 
{DesX checkmated} 1-0

[Event "fics rated crazyhouse match"]
[Site "fics, Oklahoma City, OK USA"]
[Date "2001.02.04"]
[White "CrazyHouseMan"]
[WhiteElo "2348"]
[Black "Blechkiste"]
[BlackElo "2422"]
[TimeControl "180+0"]
[Result "1-0"]

1. e4 e6 2. d4 d5 3. exd5 exd5 4. Bb5+ Nc6 5. Qe2+ Qe7 6. Bf4 
Qxe2+ 7. Nxe2 Bb4+ 8. Nbc3 Ba5 9. P@a6 Nf6 10. axb7 Bxb7 11. P@a6 Q@b8 
12. axb7 Qxb7 13. B@a6 Qb6 14. Q@e5+ Kd7 15. Bxc6+ Kxc6 16. N@h5 Qxb2 17. O-O 
P@d6 18. Qg5 Bxc3 19. Qxg7 Nxh5 20. Qxf7 Nxf4 21. Nxf4 Kb6 22. P@b5 Ka5 
23. Qxc7+ Ka4 24. P@b3+ Ka3 25. N@b1+ Qxb1 26. Rfxb1 N@f3+ 27. gxf3 Rag8+ 28. P@g3 
N@h3+ 29. Nxh3 N@e2+ 30. Kf1 Nxg3+ 31. hxg3 P@e2+ 32. Kxe2 Re8+ 33. P@e7 P@a4 
34. Qxc3 Rxe7+ 35. N@e3 Rxe3+ 36. Qxe3 N@d3 37. Qxd3 Re8+ 38. N@e3 Rxe3+ 39. fxe3 
B@c3 40. B@b4+ Kxb4 41. Qxc3+ Kxc3 42. Q@d2# 
{Blechkiste checkmated} 1-0

[Event "fics rated crazyhouse match"]
[Site "fics, Oklahoma City, OK USA"]
[Date "2001.02.04"]
[White "Blechkiste"]
[WhiteElo "2412"]
[Black "DesX"]
[BlackElo "2190"]
[TimeControl "60+1"]
[Result "1-0"]

1. e4 e5 2. Bc4 Nc6 3. Nf3 d6 4. Nc3 Be7 5. d4 exd4 6. Nxd4 
P@e6 7. Nxc6 bxc6 8. N@a5 Bd7 9. O-O Nf6 10. P@g5 Nd5 11. exd5 e5 
12. dxc6 Bxc6 13. Nxc6 
{DesX resigns} 1-0

[Event "fics rated crazyhouse match"]
[Site "fics, Oklahoma City, OK USA"]
[Date "2001.02.04"]
[White "DesX"]
[WhiteElo "2186"]
[Black "Blechkiste"]
[BlackElo "2416"]
[TimeControl "60+0"]
[Result "0-1"]

1. d4 e6 2. Nf3 Nc6 3. Bf4 Nf6 4. e3 Bb4+ 5. c3 Be7 6. Bd3 
Nh5 7. Nbd2 d6 8. O-O e5 9. dxe5 Nxf4 10. exf4 dxe5 11. Ne4 B@g4 
12. h3 Bxf3 13. Qxf3 N@h4 14. Qe2 P@d5 15. N@h5 dxe4 16. Nxg7+ Kf8 17. Bxe4 
exf4 18. B@h6 Kg8 19. Nh5 Bg5 20. P@g7 Bxh6 21. gxh8=Q+ Kxh8 22. P@g7+ Bxg7 
23. Nxg7 Kxg7 24. B@d4+ Nxd4 25. cxd4 Kh8 26. Qh5 P@f5 27. N@g5 N@e2+ 28. Kh1 
N@g3+ 29. fxg3 Nxg3+ 30. Kh2 Nxf1+ 31. Rxf1 B@g3+ 32. Kg1 P@f2+ 33. Rxf2 P@h2+ 
34. Kf1 R@g1+ 35. Ke2 B@d1+ 36. Kd2 Bxh5 37. P@g7+ Kxg7 38. P@f6+ Kh6 39. N@g8+ 
Qxg8 
{DesX forfeits on time} 0-1

[Event "fics rated crazyhouse match"]
[Site "fics, Oklahoma City, OK USA"]
[Date "2001.02.04"]
[White "Blechkiste"]
[WhiteElo "2419"]
[Black "DesX"]
[BlackElo "2183"]
[TimeControl "180+0"]
[Result "1-0"]

1. e4 e5 2. Bc4 Nc6 3. Nf3 d6 4. Nc3 Be7 5. d4 exd4 6. Nxd4 
P@e6 7. Nxc6 bxc6 8. N@h5 Bf6 9. Bf4 N@g6 10. Bg3 Bd7 11. Bxd6 cxd6 
12. Nxf6+ Nxf6 13. Qxd6 B@e7 14. Qg3 O-O 15. P@b7 Nh5 16. bxa8=Q Nxg3 17. Qxd8 
Rxd8 18. hxg3 P@f4 19. Q@h2 N@g5 20. gxf4 Nh4 21. Qxh4 Nf3+ 22. gxf3 Bxh4 
23. Rxh4 Q@f6 24. B@g5 Qxc3+ 25. bxc3 N@g2+ 26. Ke2 Nxh4 27. Bxd8 R@d2+ 28. Kxd2 
Nxf3+ 29. Ke2 Q@d2+ 30. Kxf3 P@g4+ 31. Kxg4 e5+ 32. f5 Qf4+ 33. Kh3 Bxf5+ 
34. exf5 P@g4+ 35. Kg2 Qe4+ 36. Kg1 
{DesX resigns} 1-0